← All builds
Beach sea / Armada / Economy first / OBSERVED BUILD

Standard beach sea

Armada Beach sea build order · Supreme Isthmus

Economy-first sea play: shipyard right away, a destroyer by around 5 minutes, then an Advanced Metal Extractor as the eco scales up, with later ships like corvette, frigate and submarine filling out the fleet; this is the role's baseline…

Usually shipyard first (93%)

#naval #eco · 871 distinct matches · 146 players · 72% of Armada Beach sea games · team won 50% of 939 · Recently observed

HOW TO PLAY IT

Key timing: Shipyard by 1:40, first destroyer by 4:52

  1. Open 3 mex into tidal generators for early energy.
  2. Rush Shipyard straight from the opening eco.
  3. Keep adding mex and naval energy converters to fund the fleet.
  4. Get your first destroyer out to contest the sea.
  5. Transition into Advanced Metal Extractor as eco scales.

Phase by phase

TYPICAL OF ITS 871 GAMES · AGAINST STANDARD BEACH SEA
  1. 1
  2. 2
  3. 3
PLAY THE OPENING

Follow the example game's first 6:00 step by step: what to build now, what comes next, and where it goes. At 1× it keeps pace with your own game.

  1. 1

    Up to the Shipyard

    Economy
    • Metal Extractor3Mex
    • Wind Turbine2Windfor allies+2 vs standard
    • Wind Turbine1Wind−4 vs standard
    Order
    1. ShipyardShipyard after 3 mex, 1 winddone ~1:44, middle half 1:27–2:01

    Some games also: tidal (38%) · energy storage (35%)

    By 1:27 in all: 3 mex · 1 wind (standard 5)

    The example game in this phase · 9 steps
    1. Wind ×3for Air
    2. Mex ×2
    3. Wind ×2
    4. Mex
    5. Wind ×2
    6. Energy storage
    7. Radar TowerRadar Tower
    8. NettleNettle
    9. ShipyardShipyarddone 2:21 · typical 1:44
  2. 2

    Shipyard to 5:00

    Economy
    • Metal Extractor5Mex
    • Wind Turbine2Wind−3 vs standard
    • Tidal Generator2Tidal+2 vs standard
    Builders
    • Construction Ship2 Con ship +2 vs standard
    Army
    • Dolphin3 Dolphin +3 vs standard
    • Skater2 Skater +2 vs standard
    • Corsair1 Destroyer
    Other
    • Naval Radar / Sonar Tower1 Naval Radar / Sonar Tower

    Some games also: Harpoon (43%) · con turret (35%) · submarine (33%) · frigate (33%) · Sentry (31%)

    The standard build makes here, this one skips: 3 con hovercraft · 7 seeker

    By 5:00 in all: 8 mex · 4 wind (standard 10) · 3 tidal (standard 0)

    The example game in this phase · 13 steps
    1. SkaterSkater
    2. Con turret
    3. Grim ReaperGrim Reaper ×2
    4. Construction ShipCon ship ×2
    5. Naval NettleNaval Nettle
    6. Mex
    7. DolphinDolphin ×2
    8. Naval Radar / Sonar TowerNaval Radar / Sonar Tower
    9. Mex ×2
    10. DolphinDolphin
    11. Naval NettleNaval Nettle
    12. Mex
    13. EelSubmarinedone 5:42
  3. 3

    5:00 to 10:00

    Economy
    • Metal Extractor1Mex−2 vs standard
    • Wind Turbine11Wind
    Builders
    • Naval Construction Turret1 Naval Construction Turret
    • Grim Reaper1 Grim Reaper
    Army
    • Sentry1 Sentry
    • Harpoon1 Harpoon
    • Dolphin3 Dolphin
    • Corsair2 Destroyer
    • Skater2 Skater
    Other
    • Naval Radar / Sonar Tower1 Naval Radar / Sonar Tower

    Some games also: con ship (48%) · frigate (45%) · Radar Tower (42%) · tidal (40%) · con turret (39%)

    By 10:00 in all: 10 mex · 16 wind (standard 23) · 4 tidal (standard 0) · 1 energy storage · 1 con turret · 1 Naval Construction Turret

    The example game in this phase · 117 steps
    1. Con turret
    2. HarpoonHarpoon
    3. Mex
    4. HarpoonHarpoon
    5. DolphinDolphin
    6. Mex
    7. DolphinDolphin
    8. Wind
    9. Mex
    10. Wind
    11. DolphinDolphin
    12. Wind
    13. DolphinDolphin
    14. Wind
    15. DolphinDolphin
    16. Wind
    17. DolphinDolphin
    18. Radar TowerRadar Tower
    19. Wind
    20. DolphinDolphin
    21. NettleNettle
    22. Wind
    23. DolphinDolphin
    24. Wind
    25. DolphinDolphin
    26. Construction ShipCon ship
    27. Wind ×2
    28. Advanced Metal ExtractorT2 mexdone 7:59 · typical 10:04
    29. DolphinDolphin
    30. Wind
    31. DolphinDolphin ×3
    32. CorsairDestroyerdone 8:37 · typical 4:59
    33. Wind
    34. Naval Radar / Sonar TowerNaval Radar / Sonar Tower
    35. Advanced Metal ExtractorT2 mex
    36. Wind ×2
    37. HarpoonHarpoon
    38. DolphinDolphin
    39. HarpoonHarpoon
    40. Wind
    41. DolphinDolphin
    42. Advanced Metal ExtractorT2 mex
    43. Wind
    44. DolphinDolphin ×3
    45. Wind ×2
    46. DolphinDolphin
    47. Wind
    48. DolphinDolphin
    49. Wind
    50. DolphinDolphin
    51. Wind
    52. DolphinDolphin
    53. Wind
    54. DolphinDolphin
    55. Advanced Metal ExtractorT2 mex
    56. Wind
    57. DolphinDolphin ×2
    58. Wind
    59. DolphinDolphin
    60. Wind
    61. DolphinDolphin
    62. Wind
    63. DolphinDolphin
    64. Wind
    65. DolphinDolphin
    66. Wind
    67. DolphinDolphin
    68. Wind
    69. DolphinDolphin
    70. Wind
    71. DolphinDolphin
    72. Wind
    73. DolphinDolphin
    74. Wind
    75. DolphinDolphin ×4
    76. Naval Construction Turret
    77. DolphinDolphin
    78. Wind ×2
    79. Naval Construction Turret
    80. Wind
    81. DolphinDolphin
    82. Wind
    83. Naval Construction Turret
    84. DolphinDolphin
    85. Wind
    86. Metal storage
    87. Con turret
    88. DolphinDolphin
    89. Naval Radar / Sonar TowerNaval Radar / Sonar Tower
    90. DolphinDolphin ×5
    91. Grim ReaperGrim Reaper ×2
    92. Wind
    93. Grim ReaperGrim Reaper
    94. Wind ×3
    95. Grim ReaperGrim Reaper
    96. Wind ×2
    97. DolphinDolphin
    98. Wind
    99. Construction ShipCon ship
    100. Wind ×2
    101. DolphinDolphin
    102. Wind
    103. Naval Construction Turret ×2
    104. DolphinDolphin
    105. Wind
    106. Naval Construction Turret
    107. DolphinDolphin
    108. Wind ×3
    109. Naval Construction Turret
    110. DolphinDolphin
    111. Naval Construction Turret
    112. DolphinDolphin
    113. Naval Construction Turret
    114. DolphinDolphin
    115. Naval Construction Turret
    116. DolphinDolphin
    117. EelSubmarine ×2

Counts are medians over the build's games: half of them build more, half fewer. The example game is KolyaSalo's (33 OS, 13/10/2026); pick another.

Team trades

IN AT LEAST 30% OF ITS GAMES

You hand over

  • Wind Turbine3 Wind to Airfirst at 1:42 · in 79% of games

You get

  • Finch1 Finch from Airfirst at 1:58 · in 78% of games
  • Lazarus1 Lazarus from Geofirst at 2:11 · in 53% of games
  • Hephaestus1 Heavy transport from Airfirst at 2:16 · in 63% of games
  • Hercules1 Light transport from Airfirst at 2:19 · in 39% of games
  • Construction Bot1 Con bot from Geofirst at 2:27 · in 69% of games
  • Advanced Construction Bot1 T2 con bot from Techfirst at 8:11 · in 88% of games

How it plays out

Typical game of this build, running totals by minute

Metal produced

010k20k30k
0:005:0010:0015:00

metal

Enemy metal destroyed

02.5k5k7.5k
0:005:0010:0015:00

metal

Own metal lost

02.5k5k7.5k
0:005:0010:0015:00

metal

939 games.

Show as table
ByMetal produced: This buildEnemy metal destroyed: This buildOwn metal lost: This build
1:0040400
2:0093800
3:00158100
4:0025205151
5:003703240150
6:005100564358
7:0065891095695
8:00815016621160
9:00976924391820
10:001162133652570
11:001367542843350
12:001604350944166
13:001846558634946
14:002124865525917
15:002389374626695
WHAT THE NUMBERS SAY

This baseline wins less than half its games, trading sea kills for losses at a similar rate to the enemy through 15 minutes.

  • + Metal production outpaces enemy destruction early, 3733 vs 255 at 5:00.
  • + Kills and losses track closely by 15:00 (8342 vs 6711), an even fight.
  • − Team wins under half of games (47%).
  • − T2 factory reached in only 34% of games, the lowest tech rate among sea roles.
THE EXAMPLE YOU ARE READING

KolyaSalo

32.6 OS · 13/10/2026

Open source match ↗

5 received units · includes a constructor
510 metal received · 46925 energy received

Allied construction assistance is unknown. Timings are observations, not a promise of solo reproducibility.

Typical milestones

Shipyard1:44Middle 50%: 1:27–2:01 · n=935
Corsair4:59Middle 50%: 4:20–5:56 · n=887
Advanced Metal Extractor10:04Middle 50%: 9:13–10:56 · n=787

Played most by

yeskinkot68games of this buildHummell60games of this buildTheSituation47games of this buildBlover37games of this buildTheGeneraI36games of this build